 Dungeon Crawl Stone Soup version 0.31-a0-331-geda263fcf1 (webtiles) character file.

Game seed: 14603054252666220883

11568 Edyrem the Skirmisher (level 11, -1/69 HPs)
             Began as a Tengu Hunter on July 19, 2023.
             Was a Priest of Dithmenos.
             Slain by a cane toad (13 damage)
             ... on level 1 of the Lair of Beasts.
             The game lasted 00:33:37 (10689 turns).

Edyrem the Skirmisher (Tengu Hunter)               Turns: 10689, Time: 00:33:37

Health: -1/69      AC:  4    Str: 11    XL:     11   Next: 79%
Magic:  12/12      EV: 26    Int: 11    God:    Dithmenos [***...]
Gold:   529        SH:  5    Dex: 27    Spells: 10/10 levels left

rFire   + . .        e - +1 arbalest (heavy)
rCold   . . .        (shield currently unavailable)
rNeg    . . .        J - +2 robe {rF+}
rPois   .            (helmet restricted)
rElec   .            (no cloak)
rCorr   .            (no gloves)
SInv    .            (boots unavailable)
Will    .....        E - amulet of reflection
Stlth   +++          B - +6 ring of dexterity
HPRegen 0.31/turn    (no ring)
MPRegen 0.13/turn

%: reflection
@: lethally poisoned (-1 -> -4), flying quickly and evasively, wreathed by
umbra, quick
A: beak, talons 3, nimble flight
a: Renounce Religion, Shadow Step


You were on level 1 of the Lair of Beasts.
You worshipped Dithmenos.
Dithmenos was most pleased with you.
You visited 3 branches of the dungeon, and saw 12 of its levels.
You also visited: Sewer and Bailey.

You collected 529 gold pieces.

Inventory:

Hand Weapons
 a - a +1 shortbow of flaming
 b - a +2 dagger of electrocution
 c - the +7 mace of Extinguishment {vamp, Str+4}
   (You found it on level 2 of the Dungeon)

   Str:       It affects your strength (+4).
 e - a +1 heavy arbalest (weapon)
 x - a +5 trident
 y - the +6 short sword of the Establishment {drain, +Blink rC+ Str+4}
   (You found it on level 8 of the Dungeon)

   Str:       It affects your strength (+4).
   rC:        It protects you from cold.
   +Blink:    It lets you blink.
 A - the +4 falchion "Xaujus" {heavy, rC+ rCorr Str+3}
   (You found it on level 5 of the Dungeon)

   Str:       It affects your strength (+3).
   rC:        It protects you from cold.
   rCorr:     It protects you from acid and corrosion.
 F - a +2 triple sword of electrocution
Missiles
 o - 3 curare-tipped darts
 t - 4 javelins
Armour
 D - a +0 plate armour of fire resistance
 J - a +2 robe of fire resistance (worn)
Jewellery
 w - a ring of wizardry
 B - a +6 ring of dexterity (left hand)
 E - an amulet of reflection (around neck)
Wands
 d - a wand of flame (41)
 k - a wand of quicksilver (8)
 u - a wand of digging (5)
 C - a wand of mindburst (13)
Scrolls
 g - 7 scrolls of amnesia
 h - 2 scrolls of enchant weapon
 j - a scroll of butterflies
 n - 4 scrolls of teleportation
 r - 3 scrolls of fog
 s - a scroll of fear
 G - 2 scrolls of enchant armour
 H - a scroll of blinking
 I - 2 scrolls of revelation
Potions
 f - 2 potions of brilliance
 i - 3 potions of magic
 l - a potion of cancellation {unknown}
 m - 2 potions of curing {@q2}
 p - 5 potions of heal wounds {@q1}
 q - 3 potions of mutation
 v - a potion of lignification {unknown}
 z - 2 potions of haste
 K - a potion of berserk rage {unknown}


   Skills:
 + Level 8.9 Fighting
 * Level 13.9 Ranged Weapons
 + Level 7.1 Armour
 + Level 9.7 Dodging
 - Level 1.0 Stealth


You had 10 spell levels left.
You didn't know any spells.
Your spell library contained the following spells:

 Spells                   Type           Power      Damage    Failure   Level
 Apportation              Tloc           0%         N/A       34%         1
 Necrotise                Necr           0%         1d4       34%         1
 Sting                    Tmut/Pois      0%         1d3       34%         1
 Poisonous Vapours        Pois/Air       0%         N/A       47%         2
 Inner Flame              Hex/Fire       0%         N/A       71%         3
 Teleport Other           Tloc           0%         N/A       71%         3
 Vampiric Draining        Necr           0%         2d6       71%         3
 Flame Wave               Conj/Fire      0%         2d4       98%         4
 Leda's Liquefaction      Hex/Erth       0%         N/A       98%         4
 Olgreb's Toxic Radiance  Pois           0%         N/A       98%         4
 Sticky Flame             Conj/Fire      0%         2d3       98%         4
 Agony                    Necr           0%         N/A       100%        5
 Metabolic Englaciation   Hex/Ice        0%         N/A       100%        5
 Summon Mana Viper        Hex/Summ       0%         N/A       100%        5


Dungeon Overview and Level Annotations

Branches:
Dungeon (9/15)             Temple (1/1) D:6            Lair (2/5) D:9
  Sewer (visited)          Bailey (visited)
  Swamp: Lair:2-3    Shoals: Lair:2-3     Snake: Lair:2-3    Spider: Lair:2-3
    Orc: D:9-12

Altars:
Ashenzari
Cheibriados
Dithmenos
Elyvilon
Fedhas
Gozag
Hepliaklqana
Kikubaaqudgha
Makhleb
Nemelex Xobeh
Okawaru
Qazlal
Ru
Sif Muna
Trog
Uskayaw
Vehumet
Wu Jian
Xom
Yredelemnul
Zin
The Shining One

Annotations:
D:6 1 runed translucent door, Newt's ghost, amateur BaFi


Innate Abilities, Weirdness & Mutations

You have a beak for a mouth.
You have claws for feet.
Your magical nature lets you fly swiftly and evasively.


Message History

The bullfrog completely misses you. The cane toad closely misses you.
The bullfrog completely misses you. The cane toad closely misses you.
Fire: e) +1 arbalest (heavy)
Press: ? - help, Q - select action, (/) - cycle Shift-Dir - straight line, f/p - cane toad
Aim: a cane toad (water, heavily wounded, umbra, 74% to hit)
You shoot a bolt.
The bolt completely misses the cane toad.
The bolt hits the bullfrog!
The bullfrog is heavily wounded.
The bullfrog misses you. The cane toad stings you.
You are poisoned.
The cane toad poisons you! The bullfrog closely misses you.
The cane toad barely misses you. The bullfrog barely misses you.
The cane toad barely misses you. The bullfrog closely misses you.
You block the torpor snail's attack. The cane toad stings you.
You shoot a bolt. The bolt hits the torpor snail!!!
The torpor snail is severely wounded.
You feel extremely sick. You block the bullfrog's attack.
The cane toad completely misses you. The bullfrog misses you.
You block the cane toad's attack. The bullfrog completely misses you.
You block the torpor snail's attack. The cane toad misses you.
The bullfrog barely misses you. The torpor snail completely misses you.
The cane toad misses you. The bullfrog completely misses you.
You shoot a bolt. The bolt hits the torpor snail!!!
You kill the torpor snail!
Dithmenos accepts your kill.
You feel yourself speed up.
You feel very sick. The bullfrog completely misses you.
The cane toad closely misses you. The bullfrog completely misses you.
The cane toad completely misses you. The bullfrog completely misses you.
The cane toad completely misses you. The bullfrog completely misses you.
You shoot a bolt. The bolt hits the cane toad!
The cane toad is severely wounded.
You feel sick. The bullfrog closely misses you. The cane toad misses you.
The bullfrog misses you. The cane toad stings you!
* * * LOW HITPOINT WARNING * * *
The cane toad stings you!
You die...

.#................~~.............
⌠...†............................
...................~~.~..........
................~~~≈~~~..........
#................~~≈~~≈~~........
..#####.#.......~≈≈≈≈†≈≈~~###P.##
..########......Y≈≈~.~~≈~.####..#
..†.............FFY.>.≈≈~........
..##....##).....@≈≈~.~≈≈~~##.....
..##............~≈≈≈~≈≈≈~~#..####
...#.....#.......~≈≈≈≈≈≈~.#..####
..##....##.....#..~~≈~~~~........
..##..####.....#.................
..#.#.##P#.....#.P+#+.#..........
.................................
.................................
............}....................


You could see 2 yaks, a cane toad and a bullfrog.

Vanquished Creatures
  2 two-headed ogres
  A deep elf pyromancer (D:7)
  An orc knight (Bailey)
  A torpor snail (Lair:1)
  A cane toad (Lair:1)
  A black mamba (Lair:1)
  A komodo dragon (Lair:1)
  4 blink frogs (Lair:1)
  Grinder (D:5)
  Sigmund (D:5)
  A wraith (D:9)
  2 wyverns
  A steam dragon (D:7)
  4 yaks (Lair:1)
  A basilisk (Lair:1)
  Edmund (D:5)
  6 water moccasins
  13 orc warriors
  2 black bears (D:7)
  An ice beast (D:6)
  A sky beast (D:7)
  3 ogres
  5 wolves (D:9)
  3 centaurs
  4 kobold brigands
  A phantom (D:6)
  4 bullfrogs
  3 scorpions
  18 wights
  An electric eel (Lair:1)
  A howler monkey (D:6)
  6 orc priests
  3 hounds
  A jelly (D:5)
  4 iguanas
  6 orc wizards
  19 adders
  6 river rats
  2 shadow imps
  4 white imps
  3 ufetubi
  2 worms (D:5)
  2 dart slugs
  41 orcs
  5 ball pythons
  3 bats
  9 endoplasms
  3 giant cockroaches
  8 goblins
  6 hobgoblins
  40 kobolds
  4 quokkas
  5 frilled lizards
  26 rats
298 creatures vanquished.

Notes
Turn   | Place    | Note
-------+----------+-------------------------------------------
     0 | D:1      | Edyrem the Tengu Hunter began the quest for the Orb.
     0 | D:1      | Reached XP level 1. HP: 12/12 MP: 2/2
   165 | D:1      | Reached XP level 2. HP: 17/17 MP: 3/3
   264 | D:1      | Found a faded altar of an unknown god.
   716 | D:2      | Reached XP level 3. HP: 22/22 MP: 4/4
   776 | D:2      | Reached skill level 5 in Ranged Weapons
   830 | D:2      | Identified the +7 mace of Extinguishment {vamp, Str+4}
  1048 | D:2      | Reached XP level 4. HP: 27/27 MP: 5/5
  1668 | D:3      | Gained mutation: Your magical nature lets you fly swiftly
                  | and evasively. [Tengu growth]
  1668 | D:3      | Reached XP level 5. HP: 32/32 MP: 6/6
  1880 | D:3      | Reached skill level 6 in Ranged Weapons
  2092 | D:4      | Found a glowing drain.
  2096 | Sewer    | Entered a sewer
  2297 | Sewer    | Reached XP level 6. HP: 30/37 MP: 7/7
  2834 | D:4      | Reached skill level 7 in Ranged Weapons
  2834 | D:4      | Reached XP level 7. HP: 42/42 MP: 8/8
  3219 | D:4      | You are sucked into a shaft and drop 2 floors!
  3561 | D:6      | Found a staircase to the Ecumenical Temple.
  3576 | Temple   | Entered the Ecumenical Temple
  3632 | Temple   | Became a worshipper of Dithmenos the Shadowed
  3739 | D:6      | Reached skill level 5 in Dodging
  3947 | D:6      | Reached skill level 8 in Ranged Weapons
  3993 | D:5      | Entered Level 5 of the Dungeon
  3996 | D:5      | Reached XP level 8. HP: 48/48 MP: 9/9
  4017 | D:5      | Reached skill level 5 in Fighting
  4105 | D:5      | Identified the +4 falchion "Xaujus" {heavy, rC+ rCorr
                  | Str+3}
  4268 | D:5      | Reached skill level 9 in Ranged Weapons
  4374 | D:5      | Noticed Grinder
  4383 | D:5      | Killed Grinder
  4881 | D:5      | Reached * piety under Dithmenos
  4882 | D:5      | Reached XP level 9. HP: 55/55 MP: 10/10
  5146 | D:5      | Noticed Sigmund
  5148 | D:5      | Noticed Edmund
  5160 | D:5      | Killed Sigmund
  5161 | D:5      | Reached skill level 1 in Armour
  5194 | D:5      | Killed Edmund
  5195 | D:5      | Reached skill level 10 in Ranged Weapons
  5491 | D:6      | Got the Anthology of Cunning Locality
  5496 | D:6      | Found a runed translucent door.
  5497 | D:6      | Found a shimmering altar of Xom.
  5497 | D:6      | Noticed Newt's ghost (amateur BaFi)
  5497 | D:6      | Noticed a +2 falchion of chaos
  5829 | D:6      | Noticed a two-headed ogre
  5839 | D:6      | Killed a two-headed ogre
  6070 | D:7      | Found a flagged portal.
  6084 | Bailey   | Entered a bailey
  6263 | Bailey   | Reached skill level 11 in Ranged Weapons
  6349 | Bailey   | Reached XP level 10. HP: 51/61 MP: 11/11
  6806 | Bailey   | Reached ** piety under Dithmenos
  6848 | Bailey   | Noticed an orc knight
  6961 | Bailey   | Killed an orc knight
  7346 | D:7      | Noticed a deep elf pyromancer
  7350 | D:7      | Killed a deep elf pyromancer
  7351 | D:7      | Reached skill level 12 in Ranged Weapons
  7459 | D:7      | Reached skill level 5 in Armour
  7681 | D:8      | Identified the +6 short sword of the Establishment {drain,
                  | +Blink rC+ Str+4}
  8394 | D:9      | Reached XP level 11. HP: 68/68 MP: 12/12
  8401 | D:9      | Reached *** piety under Dithmenos
  8598 | D:9      | Noticed a two-headed ogre
  8602 | D:9      | Killed a two-headed ogre
  8613 | D:9      | Reached skill level 13 in Ranged Weapons
  8751 | D:9      | Found a staircase to the Lair.
  8759 | D:9      | Found a blossoming altar of Fedhas.
  8759 | D:9      | Found an opulent altar of Gozag.
  8763 | D:9      | Found a glowing golden altar of the Shining One.
  9419 | Lair:1   | Entered Level 1 of the Lair of Beasts
 10677 | Lair:2   | Noticed a four-headed hydra
 10689 | Lair:1   | Slain by a cane toad

Illustrated notes

Levels and vault maps discovered:
D:1:      sevenhm_arrival_forest_fort_small_3, layout_rooms,
          shapermc_ecumenical_altar_notcrosses
D:2:      minmay_recursive_quarters, layout_loops_ring
D:3:      layout_basic, nicolae_half_adder
D:4:      layout_loops_corners, gup_sewer_entry_spiral
D:5:      layout_cave_pools, sigmund_edmund_badplayer, uniq_grinder
D:6:      layout_basic, minmay_temple_entry_drinking_statues, ebering_ghost_xom,
          chequers_serial_rivers_small_b
D:7:      layout_cave_pools, enter_bailey_5, guppyfry_early_elven_hall
D:8:      layout_gridville
D:9:      layout_basic, nicolae_overflow_hidden_temple, lair_entry_dummy,
          st_stairs_11, serial_park_tiny_pond
Temple:   hellmonk_temple_of_storms
Lair:1:   layout_regular_city, serial_bayou_lagoon_a,
          infiniplex_staircase_pool_2, grunt_megastairs_1
Lair:2:   layout_regular_city, elwin_shoals_entry_stream,
          nicolae_snake_entry_squirm, gammafunk_ghost_abyssal_escape

Skill      XL: |  1  2  3  4  5  6  7  8  9 10 11 |
---------------+----------------------------------+-----
Ranged Weapons | 5 6 7 8 9 11 12 13 | 13.9
Dodging        | 3 4 5 6 7 8 9 |  9.7
Fighting       | 3 4 5 6 8 |  8.9
Armour         | 3 5 7 |  7.1
Stealth        | |  1.0

Action                     |  1- 3 |  4- 6 |  7- 9 | 10-12 || total
---------------------------+-------+-------+-------+-------++-------
  Melee: Mace              |       |       |     5 |       ||     5
         Kick              |       |       |     2 |       ||     2
   Fire: Shortbow          |    85 |   214 |   272 |    80 ||   651
         Arbalest          |       |       |       |   185 ||   185
    Use: Scroll            |       |    11 |     4 |     5 ||    20
         Potion            |       |       |       |     1 ||     1
 Armour: Leather armour    |     5 |     7 |     2 |     1 ||    15
         Robe              |       |       |       |     2 ||     2
  Dodge: Dodged            |    12 |    50 |    84 |   233 ||   379
  Block: Other             |       |       |    10 |    51 ||    61
         Reflection        |       |       |     8 |     3 ||    11

Table legend: (Time is in decaauts)
 A = Elapsed time spent in this place.
 B = Non-inter-level travel time spent in this place.
 C = Inter-level travel time spent in this place.
 D = Time resting spent in this place.
 E = Time spent auto-exploring this place.
 F = Levels seen in this place.
 G = Mean time per level.
                   A        B        C        D        E       F      G
               +--------+--------+--------+--------+--------+-----+--------+
         Total |  10266 |   9808 |    458 |   1251 |   5803 |  14 |  733.3 |
       Dungeon |   7508 |   7088 |    420 |    786 |   4790 |   9 |  834.2 |
        Temple |     69 |     51 |     18 |      0 |      0 |   1 |   69.0 |
          Lair |   1030 |   1010 |     20 |      0 |    547 |   2 |  515.0 |
         Sewer |    628 |    628 |      0 |      0 |    417 |   1 |  628.0 |
        Bailey |   1030 |   1030 |      0 |    465 |     47 |   1 | 1030.0 |
               +--------+--------+--------+--------+--------+-----+--------+

Top non-repeatable levels by time:
     D:6: 1371 daAuts
     D:9: 1309 daAuts
  Bailey: 1030 daAuts
  Lair:1: 1025 daAuts
     D:5: 895 daAuts
     D:4: 874 daAuts
     D:2: 825 daAuts
     D:1: 655 daAuts
   Sewer: 628 daAuts
     D:8: 600 daAuts
     D:7: 497 daAuts
     D:3: 478 daAuts
  Temple: 69 daAuts
  Lair:2: 4 daAuts
